Map: Triton LE

Players

LouisVuittoN - Winner!

  • Race: Protoss Protoss
  • League: Master
  • Spawn Location: 5:00

MikeHawk

  • Race: Terran Terran
  • League: Master
  • Spawn Location: 11:00

VOD

Have the link to the VOD?

Description

Time

  • Played on: Dec. 20, 2019, 11:38 a.m.
  • Length: 11:09
Show
View Real Time Build Order
Export as new Build Order

LouisVuittoN Protoss - Winner!

Build Orders:  

Get SALT Encoding   

  12  0:00  Probe  
  13  0:13  Probe  
  14  0:23  Pylon  
  14  0:25  Probe  
  15  0:41  Probe (Chrono Boost)  
  16  0:44  Gateway  
  16  0:52  Probe (Chrono Boost)  
  16  0:56  Assimilator  
  17  0:57  Probe (Chrono Boost), Assimilator  
  18  1:07  Probe  
  18  1:11  Gateway  
  19  1:19  Probe  
  20  1:31  Cybernetics Core  
  21  1:32  Probe  
  21  1:38  Pylon  
  21  1:45  Probe  
  22  1:57  Probe  
  23  2:05  Warp Gate (Chrono Boost)  
  23  2:07  Stalker x2  
  27  2:20  Robotics Facility  
  27  2:28  Pylon  
  27  2:37  Stalker  
  29  2:44  Stalker  
  31  2:55  Gateway  
  30  3:08  Warp Prism (Chrono Boost)  
  32  3:22  Pylon  
  32  3:51  Stalker x3  
  38  3:56  Pylon  
  38  4:09  Observer  
  39  4:26  Robotics Bay  
  39  4:30  Observer (Chrono Boost)  
  40  4:40  Nexus  
  40  4:48  Pylon  
  40  4:50  Probe  
  41  5:02  Observer  
  41  5:10  Disruptor (Chrono Boost)  
  44  5:14  Twilight Council  
  44  5:15  Probe  
  45  5:28  Probe  
  46  5:35  Gateway  
  46  5:36  Disruptor (Chrono Boost)  
  46  5:40  Probe  
  50  5:50  Charge (Chrono Boost)  
  50  5:52  Probe  
  50  5:53  Probe  
  52  6:04  Probe  
  52  6:07  Stalker x2  
  51  6:24  Stalker  
  53  6:31  Stalker x3  
  59  6:38  Observer  
  47  6:58  Probe x2  
  49  7:04  Zealot x4  
  57  7:10  Probe  
  57  7:13  Disruptor  
  61  7:26  Zealot x3  
  61  7:53  Zealot x4  
  55  8:18  Zealot x4  
  39  8:49  Zealot x4  
  47  9:13  Stalker x4  
  46  9:33  Observer  
  46  9:38  Zealot x4  
  40  10:08  Zealot x4  
  40  10:09  Observer  
  48  10:52  Stalker x3  
Show
View Real Time Build Order
Export as new Build Order

MikeHawk Terran 

Build Orders: Reaper Expand 

Get SALT Encoding   

  12  0:00  SCV  
  13  0:12  SCV  
  14  0:17  Supply Depot  
  14  0:25  SCV  
  15  0:38  SCV  
  15  0:40  Barracks  
  16  0:43  Refinery  
  16  0:50  SCV  
  17  1:02  SCV  
  18  1:14  SCV  
  19  1:27  Orbital Command, Reaper  
  20  1:39  Command Center  
  20  1:49  Supply Depot  
  20  1:52  SCV  
  21  1:58  Marine  
  22  2:05  Bunker, SCV  
  23  2:17  SCV  
  23  2:20  Factory  
  23  2:21  Barracks Reactor  
  24  2:29  SCV, Refinery  
  25  2:41  SCV  
  26  2:50  Barracks  
  26  2:53  SCV  
  26  2:55  Orbital Command  
  27  2:58  Marine x2  
  27  3:04  Factory Tech Lab  
  27  3:05  SCV  
  30  3:16  Marine x2  
  30  3:17  SCV  
  30  3:18  Bunker  
  32  3:25  Siege Tank  
  35  3:30  Starport  
  35  3:33  SCV x2  
  37  3:37  Marine  
  37  3:38  Marine  
  37  3:40  Marine  
  40  3:49  Supply Depot  
  40  3:52  Orbital Command, Supply Depot  
  40  4:13  Siege Tank, Marine x3  
  40  4:15  Viking  
  48  4:19  SCV  
  48  4:20  SCV  
  46  4:31  Marine x3  
  49  4:38  Supply Depot  
  49  4:41  SCV  
  50  4:53  SCV  
  50  4:55  Factory Tech Lab  
  50  4:56  Engineering Bay, SCV  
  52  5:02  Stimpack  
  51  5:08  SCV x2  
  53  5:21  Barracks  
  55  5:23  Missile Turret  
  55  5:25  Terran Infantry Weapons Level 1  
  53  5:30  Missile Turret  
  53  5:32  SCV x2  
  55  5:39  Raven  
  55  5:40  Marine x2  
  59  5:45  Supply Depot  
  59  5:46  Marine  
  60  5:51  SCV x2  
  61  5:58  Marine  
  61  6:02  Supply Depot  
  62  6:05  Supply Depot  
  62  6:06  Marine x2  
  62  6:08  SCV x2  
  66  6:17  Orbital Command  
  61  6:23  SCV  
  61  6:24  Marauder  
  60  6:26  Factory Tech Lab  
  60  6:28  Marine x2  
  60  6:30  Starport Reactor  
  61  6:35  SCV  
  62  6:41  Bunker  
  62  6:42  Combat Shield, Marauder  
  59  6:51  Marauder  
  56  6:55  Siege Tank  
  56  6:58  Marine  
  56  6:59  Marine  
  63  7:09  Marine  
  63  7:11  Medivac  
  63  7:12  Marine  
  63  7:13  Medivac  
  63  7:14  SCV x2  
  69  7:16  Marine  
  69  7:17  Marine  
  70  7:26  SCV x2  
  70  7:27  Marine  
  70  7:29  Marine  
  73  7:32  Refinery  
  73  7:33  Marine  
  73  7:35  Marine  
  64  7:42  Orbital Command, Siege Tank  
  56  7:45  Marine  
  56  7:47  Marine  
  48  7:51  Marine  
  48  7:53  Marine  
  42  8:02  Marine  
  42  8:05  Marine  
  39  8:09  Marine  
  39  8:10  Marine  
  35  8:20  Marine  
  35  8:23  Marine  
  35  8:25  Medivac  
  37  8:27  Marine  
  37  8:28  Marine  
  37  8:33  SCV  
  30  8:35  SCV  
  30  8:38  Marine  
  30  8:41  Marine  
  30  8:45  Marine  
  30  8:46  Marine  
  27  8:56  Marine  
  27  8:58  Marine  
  29  9:02  Marine  
  29  9:04  Marine  
  30  9:14  Marine  
  30  9:16  Marine  
  22  9:20  Marine  
  22  9:22  Marine  
  18  9:32  Orbital Command  
  18  9:37  Orbital Command  
  12  10:20  SCV  
  14  10:32  SCV  
Tags
 
Add a new tag
Caveats
  • Supply blocks, unpowered buildings, or Contaminate may cause inaccurate times.
  • Supply counts are checked every 10 seconds.